FAAA
INGLEWOOD INFILTRATORS @ RENO CHUKARS
05/18/2050
 
TOP OF THE 1ST
Reno Chukars batting - Pitching for Inglewood Infiltrators : RHP Enrique Estrada
Pitching: RHP Enrique Estrada
Batting: RHB Paul Porter 0-0: Called Strike
0-1: Ball
1-1: Called Strike
1-2: Foul Ball, location: 2F
1-2: Foul Ball, location: 2F
1-2: Foul Ball, location: 2F
1-2: Reached on error, E6 (Line Drive, 6, EV 61.2 MPH)
Batting: RHB Marlon Sanders 0-0: Called Strike
0-1: Ball
1-1: Ball
2-1: Ball
3-1: Swinging Strike
3-2: Base on Balls
Paul Porter to second
Batting: RHB Alejandro Martínez 0-0: Ball
1-0: Ball
2-0: Called Strike
2-1: Foul Ball, location: 2F
2-2: Strikes out swinging
Batting: RHB Martin Evans 0-0: Called Strike
0-1: Foul Ball, location: 2F
0-2: Foul Ball, location: 2F
0-2: Ball
1-2: Ball
2-2: Strikes out swinging
Batting: RHB Anton Halvorsen 0-0: Ball
1-0: Called Strike
1-1: Foul Ball, location: 2F
1-2: SINGLE (Groundball, 56D, EV 95.6 MPH)
Paul Porter to third
Marlon Sanders to second
Runner from 3rd tries for Home, SAFE, throw by LF to home
Batting: SHB Teodósio Sharman 0-0: Ball
1-0: Foul Ball, location: 2F
1-1: Swinging Strike
1-2: Foul Ball, location: 2F
1-2: Strikes out swinging
Top of the 1st over - 1 run, 1 hit, 1 error, 2 left on base; Reno 1 - Inglewood 0
BOTTOM OF THE 1ST
Inglewood Infiltrators batting - Pitching for Reno Chukars : RHP Allen Msamaki
Pitching: RHP Allen Msamaki
Batting: SHB Ron Larsen 0-0: Called Strike
0-1: SINGLE (Groundball, 4MD, EV 96.9 MPH)
Batting: LHB Gustavo Ayala 0-0: Swinging Strike
0-1: Ball
1-1: Ball
2-1: Foul Ball, location: 2F
2-2: Foul Ball, location: 2F
2-2: Fielders Choice at 2nd, 4-6 (Groundball, 4, EV 93.8 MPH)
Batting: RHB Phil Morrow 0-0: Ball
1-0: Called Strike
1-1: Ball
2-1: Ball
3-1: Base on Balls
Gustavo Ayala to second
Batting: SHB Greg Montgomery 0-0: Called Strike
0-1: Ball
1-1: Ball
2-1: Fly out, F9 (Flyball, 9, EV 91.2 MPH)
Batting: LHB Robin Lee 0-0: Ball
1-0: Called Strike
1-1: Foul Ball, location: 2F
1-2: Ball
2-2: Ball
3-2: Fly out, F8 (Flyball, 78D, EV 93.1 MPH)
Bottom of the 1st over - 0 runs, 1 hit, 0 errors, 2 left on base; Reno 1 - Inglewood 0
TOP OF THE 2ND
Reno Chukars batting - Pitching for Inglewood Infiltrators : RHP Enrique Estrada
Batting: RHB Fernando Martínez 0-0: Ball
1-0: Ball
2-0: Ground out 5-3 (Groundball, 15, EV 80.6 MPH)
Batting: RHB Douglas Henderson 0-0: Called Strike
0-1: Ball
1-1: Foul Ball, location: 2F
1-2: Strikes out swinging
Batting: RHB Allen Msamaki 0-0: Called Strike
0-1: Ball
1-1: Swinging Strike
1-2: Strikes out swinging
Top of the 2nd over - 0 runs, 0 hits, 0 errors, 0 left on base; Reno 1 - Inglewood 0
BOTTOM OF THE 2ND
Inglewood Infiltrators batting - Pitching for Reno Chukars : RHP Allen Msamaki
Batting: SHB Carlos Pacheco 0-0: Ball
1-0: Ball
2-0: Called Strike
2-1: Ball
3-1: Base on Balls
Batting: RHB Christopher Stout 0-0: Fly out, F4 (Flyball, 3D, EV 88.8 MPH)
Batting: RHB Horace Prince 0-0: Ball
1-0: Ball
2-0: Fielders Choice at 2nd, 5-4 (Groundball, 56, EV 89.4 MPH)
Batting: RHB Enrique Estrada 0-0: Ball
1-0: Called Strike
1-1: Foul Ball, location: 2F
1-2: Ball
2-2: Strikes out swinging
Bottom of the 2nd over - 0 runs, 0 hits, 0 errors, 1 left on base; Reno 1 - Inglewood 0
TOP OF THE 3RD
Reno Chukars batting - Pitching for Inglewood Infiltrators : RHP Enrique Estrada
Batting: RHB Paul Porter 0-0: Called Strike
0-1: Foul Ball, location: 2F
0-2: Strikes out swinging
Batting: RHB Marlon Sanders 0-0: Called Strike
0-1: Ball
1-1: Ball
2-1: Ball
3-1: Ground out 5-3 (Groundball, 56S, EV 74.4 MPH)
Batting: RHB Alejandro Martínez 0-0: Ball
1-0: Called Strike
1-1: Ball
2-1: Called Strike
2-2: Foul Ball, location: 2F
2-2: Ball
3-2: Fly out, F7 (Flyball, 7LM, EV 100.0 MPH)
Top of the 3rd over - 0 runs, 0 hits, 0 errors, 0 left on base; Reno 1 - Inglewood 0
BOTTOM OF THE 3RD
Inglewood Infiltrators batting - Pitching for Reno Chukars : RHP Allen Msamaki
Batting: SHB Ron Larsen 0-0: Ball
1-0: Foul Ball, location: 2F
1-1: Called Strike
1-2: Foul Ball, location: 2F
1-2: Foul Ball, location: 2F
1-2: Foul Ball, location: 2F
1-2: Strikes out swinging
Batting: LHB Gustavo Ayala 0-0: Swinging Strike
0-1: Ball
1-1: Ground out U3 (Groundball, 3, EV 106.9 MPH)
Batting: RHB Phil Morrow 0-0: Ball
1-0: Ball
2-0: Ground out U3 (Groundball, 3S, EV 71.2 MPH)
Bottom of the 3rd over - 0 runs, 0 hits, 0 errors, 0 left on base; Reno 1 - Inglewood 0
TOP OF THE 4TH
Reno Chukars batting - Pitching for Inglewood Infiltrators : RHP Enrique Estrada
Batting: RHB Martin Evans 0-0: Called Strike
0-1: Ball
1-1: Ball
2-1: Swinging Strike
2-2: Strikes out swinging
Batting: RHB Anton Halvorsen 0-0: Ball
1-0: Ball
2-0: Foul Ball, location: 2F
2-1: Foul Ball, location: 2F
2-2: Ball
3-2: Strikes out looking
Batting: SHB Teodósio Sharman 0-0: Ball
1-0: Foul Ball, location: 2F
1-1: Fly out, F7 (Flyball, 7, EV 90.0 MPH)
Top of the 4th over - 0 runs, 0 hits, 0 errors, 0 left on base; Reno 1 - Inglewood 0
BOTTOM OF THE 4TH
Inglewood Infiltrators batting - Pitching for Reno Chukars : RHP Allen Msamaki
Batting: SHB Greg Montgomery 0-0: Ball
1-0: Ball
2-0: Swinging Strike
2-1: Called Strike
2-2: Strikes out swinging
Batting: LHB Robin Lee 0-0: Ball
1-0: Foul Ball, location: 2F
1-1: Ball
2-1: Ball
3-1: Foul Ball, location: 2F
3-2: Strikes out swinging
Batting: SHB Carlos Pacheco 0-0: Called Strike
0-1: Ball
1-1: Foul Ball, location: 2F
1-2: Foul Ball, location: 2F
1-2: Foul Ball, location: 2F
1-2: Strikes out swinging
Bottom of the 4th over - 0 runs, 0 hits, 0 errors, 0 left on base; Reno 1 - Inglewood 0
TOP OF THE 5TH
Reno Chukars batting - Pitching for Inglewood Infiltrators : RHP Enrique Estrada
Batting: RHB Fernando Martínez 0-0: Ball
1-0: Called Strike
1-1: DOUBLE (Flyball, 89XD, EV 113.1 MPH)
Batting: RHB Douglas Henderson 0-0: Called Strike
0-1: Called Strike
0-2: Ball
1-2: Foul Ball, location: 2F
1-2: Ball
2-2: Strikes out looking
Batting: RHB Allen Msamaki 0-0: Ball
1-0: Called Strike
1-1: Swinging Strike
1-2: Ball
2-2: Foul Ball, location: 2F
2-2: Strikes out swinging
Batting: RHB Paul Porter 0-0: Ball
1-0: Foul Ball, location: 2F
1-1: Fly out, F9 (Flyball, 89D, EV 81.2 MPH)
Top of the 5th over - 0 runs, 1 hit, 0 errors, 1 left on base; Reno 1 - Inglewood 0
BOTTOM OF THE 5TH
Inglewood Infiltrators batting - Pitching for Reno Chukars : RHP Allen Msamaki
Batting: RHB Christopher Stout 0-0: Ball
1-0: Foul Ball, location: 2F
1-1: Ball
2-1: Swinging Strike
2-2: Ball
3-2: Strikes out swinging
Batting: RHB Horace Prince 0-0: Ground out 5-3 (Groundball, 56S, EV 87.5 MPH)
Pinch Hitting: RHB Juan Rivera 0-0: Ball
1-0: Ball
2-0: Ball
3-0: Called Strike
3-1: Foul Ball, location: 2F
3-2: Base on Balls
Batting: SHB Ron Larsen 0-0: Foul Ball, location: 2F
0-1: Swinging Strike
0-2: Strikes out looking
Bottom of the 5th over - 0 runs, 0 hits, 0 errors, 1 left on base; Reno 1 - Inglewood 0
TOP OF THE 6TH
Reno Chukars batting - Pitching for Inglewood Infiltrators : RHP Enrique Estrada
Pitching: RHP Rowan Walshe
Batting: RHB Marlon Sanders 0-0: Ball
1-0: Called Strike
1-1: Ball
2-1: Ball
3-1: Swinging Strike
3-2: Strikes out swinging, 2-3 out at first.
Batting: RHB Alejandro Martínez 0-0: Swinging Strike
0-1: Foul Ball, location: 2F
0-2: Strikes out swinging
Batting: RHB Martin Evans 0-0: Ball
1-0: Ball
2-0: Called Strike
2-1: Ball
3-1: Called Strike
3-2: Strikes out swinging
Top of the 6th over - 0 runs, 0 hits, 0 errors, 0 left on base; Reno 1 - Inglewood 0
BOTTOM OF THE 6TH
Inglewood Infiltrators batting - Pitching for Reno Chukars : RHP Allen Msamaki
Batting: LHB Gustavo Ayala 0-0: Ball
1-0: Ball
2-0: Ball
3-0: Base on Balls
Batting: RHB Phil Morrow 0-0: Ball
1-0: Swinging Strike
1-1: Ball
2-1: Foul Ball, location: 2F
2-2: Foul Ball, location: 2F
2-2: Fly out, F9 (Line Drive, 9, EV 96.2 MPH)
Batting: SHB Greg Montgomery 0-0: Ball
1-0: Swinging Strike
1-1: Foul Ball, location: 2F
1-2: Strikes out swinging
Batting: LHB Robin Lee 0-0: Ball
1-0: Called Strike
1-1: Ball
2-1: Called Strike
2-2: Ball
3-2: SINGLE (Groundball, 34D, EV 95.6 MPH)
Gustavo Ayala to second
Gustavo Ayala to third
Batting: SHB Carlos Pacheco 0-0: Called Strike
0-1: Swinging Strike
0-2: Strikes out looking
Bottom of the 6th over - 0 runs, 1 hit, 0 errors, 2 left on base; Reno 1 - Inglewood 0
TOP OF THE 7TH
Reno Chukars batting - Pitching for Inglewood Infiltrators : RHP Rowan Walshe
Batting: RHB Anton Halvorsen 0-0: Ball
1-0: Swinging Strike
1-1: Ground out U3 (Groundball, 13, EV 85.6 MPH)
Batting: SHB Teodósio Sharman 0-0: Ground out 4-3 (Groundball, 4, EV 78.1 MPH)
Batting: RHB Fernando Martínez 0-0: Called Strike
0-1: SINGLE (Groundball, 56D, EV 98.8 MPH)
Batting: RHB Douglas Henderson 0-0: Ball
1-0: SINGLE (Groundball, 6D, EV 95.6 MPH)
Fernando Martínez to second
Batting: RHB Allen Msamaki 0-0: Called Strike
0-1: Foul Ball, location: 2F
0-2: Foul Ball, location: 2F
0-2: Strikes out looking
Top of the 7th over - 0 runs, 2 hits, 0 errors, 2 left on base; Reno 1 - Inglewood 0
BOTTOM OF THE 7TH
Inglewood Infiltrators batting - Pitching for Reno Chukars : RHP Allen Msamaki
Pitching: LHP Jim Unknown
Batting: RHB Christopher Stout 0-0: Called Strike
0-1: Fly out, F8 (Flyball, 8LS, EV 95.0 MPH)
Batting: RHB Horace Prince 0-0: Swinging Strike
0-1: Ball
1-1: Swinging Strike
1-2: Strikes out looking
Pinch Hitting: RHB Connor Pryor 0-0: Ball
1-0: Called Strike
1-1: Swinging Strike
1-2: Foul Ball, location: 2F
1-2: Foul Ball, location: 2F
1-2: Strikes out swinging
Bottom of the 7th over - 0 runs, 0 hits, 0 errors, 0 left on base; Reno 1 - Inglewood 0
TOP OF THE 8TH
Reno Chukars batting - Pitching for Inglewood Infiltrators : RHP Rowan Walshe
Pitching: RHP Derek Coleman
Batting: RHB Paul Porter 0-0: Foul Ball, location: 2F
0-1: Called Strike
0-2: Ball
1-2: Strikes out swinging
Batting: RHB Marlon Sanders 0-0: Called Strike
0-1: Swinging Strike
0-2: Foul Ball, location: 2F
0-2: Foul Ball, location: 2F
0-2: Ball
1-2: SINGLE (Groundball, 5S, EV 69.4 MPH) (infield hit)
Batting: RHB Alejandro Martínez 0-0: Ball
1-0: Ball
2-0: Ball
3-0: Base on Balls
Marlon Sanders to second
Batting: RHB Martin Evans 0-0: Ball
1-0: Called Strike
1-1: Hit by Pitch
Marlon Sanders to third
Alejandro Martínez to second
Batting: RHB Anton Halvorsen 0-0: Ball
1-0: Ball
2-0: Grounds into fielders choice 5-2 (Groundball, 56S, EV 79.4 MPH)
Alejandro Martínez to third
Martin Evans to second
Batting: SHB Teodósio Sharman 0-0: Foul Ball, location: 2F
0-1: Ball
1-1: Foul Ball, location: 2F
1-2: Ball
2-2: Foul Ball, location: 2F
2-2: Foul Ball, location: 2F
2-2: Ball
3-2: Strikes out swinging
Top of the 8th over - 0 runs, 1 hit, 0 errors, 3 left on base; Reno 1 - Inglewood 0
BOTTOM OF THE 8TH
Inglewood Infiltrators batting - Pitching for Reno Chukars : LHP Jim Unknown
Batting: SHB Ron Larsen 0-0: Swinging Strike
0-1: Ball
1-1: Ball
2-1: Foul Ball, location: 2F
2-2: Foul Ball, location: 2F
2-2: Ground out 4-3 (Groundball, 4, EV 76.9 MPH)
Batting: LHB Gustavo Ayala 0-0: Called Strike
0-1: Called Strike
0-2: Ball
1-2: Strikes out swinging
Batting: RHB Phil Morrow 0-0: Called Strike
0-1: Fly out, F4 (Popup, 4, EV 74.4 MPH)
Bottom of the 8th over - 0 runs, 0 hits, 0 errors, 0 left on base; Reno 1 - Inglewood 0
TOP OF THE 9TH
Reno Chukars batting - Pitching for Inglewood Infiltrators : RHP Derek Coleman
Batting: RHB Fernando Martínez 0-0: Called Strike
0-1: Ball
1-1: Foul Ball, location: 2F
1-2: Foul Ball, location: 2F
1-2: Fly out, F8 (Flyball, 8LXD, EV 96.2 MPH)
Batting: RHB Douglas Henderson 0-0: Swinging Strike
0-1: Ball
1-1: Ball
2-1: Foul Ball, location: 2F
2-2: Strikes out swinging
Pinch Hitting: RHB Joaquín Flores 0-0: Ball
1-0: Ball
2-0: Ball
3-0: Base on Balls
Pitching: RHP Merrill Lawson
Batting: RHB Paul Porter 0-0: Fielders Choice at 2nd, 6-4 (Groundball, 6, EV 103.1 MPH)
Top of the 9th over - 0 runs, 0 hits, 0 errors, 1 left on base; Reno 1 - Inglewood 0
BOTTOM OF THE 9TH
Inglewood Infiltrators batting - Pitching for Reno Chukars : LHP Jim Unknown
Pitching: RHP Glenn Collins
Batting: SHB Greg Montgomery 0-0: Called Strike
0-1: Ball
1-1: Called Strike
1-2: Strikes out swinging
Batting: LHB Robin Lee 0-0: Ball
1-0: Ball
2-0: Ball
3-0: Called Strike
3-1: Foul Ball, location: 2F
3-2: Base on Balls
Batting: SHB Carlos Pacheco 0-0: Foul Ball, location: 2F
0-1: Ball
1-1: Swinging Strike
1-2: Fly out, F6 (Popup, 6, EV 70.0 MPH)
Batting: RHB Christopher Stout 0-0: Ball
1-0: Called Strike
1-1: Called Strike
1-2: Foul Ball, location: 2F
1-2: Hit by Pitch
Robin Lee to second
Pinch Hitting: LHB Juan López 0-0: Ball
1-0: Called Strike
1-1: Fielders Choice at 2nd, 6-4 (Groundball, 6, EV 83.8 MPH)
Bottom of the 9th over - 0 runs, 0 hits, 0 errors, 2 left on base; Reno 1 - Inglewood 0
Friday, February 10th , 2023 - OOTP Baseball 23.10 Build 110